 Dungeon Crawl Stone Soup version 0.24-a0-809-g71cb82dfb8 (webtiles) character file.

Game seed: 2620175717097704895, levelgen mode: deterministic

191 Mattoad the Shield-Bearer (level 5, -3/46 HPs)
             Began as a Minotaur Fighter on Oct 11, 2019.
             Killed by nerve-wracking pain
             ... invoked by Grinder
              (7 damage)
             ... on level 3 of the Dungeon.
             The game lasted 00:17:31 (2627 turns).

Mattoad the Shield-Bearer (Minotaur Fighter)        Turns: 2627, Time: 00:17:32

Health: -3/46      AC:  8    Str: 23    XL:     5   Next: 41%
Magic:  4/4        EV:  8    Int:  5    God:
Gold:   107        SH: 10    Dex: 10    Spells: 4/4 levels left

rFire    . . .     SeeInvis .   o - +1 hand axe (elec)
rCold    . . .     Gourm    .   c - +0 shield
rNeg     . . .     Faith    .   b - +0 scale mail
rPois    .         Spirit   .   (helmet restricted)
rElec    .         Reflect  .   (no cloak)
rCorr    .         Harm     .   p - +0 pair of gloves
MR       .....                  (no boots)
Stlth    ..........             m - amulet of regeneration
HPRegen  0.15/turn              l - +2 ring of strength
MPRegen  0.09/turn              i - ring of wizardry

@: no status effects
A: retaliatory headbutt, horns 2
a: no special abilities


You were on level 3 of the Dungeon.
You were not hungry.

You visited 1 branch of the dungeon, and saw 3 of its levels.

You collected 107 gold pieces.

Inventory:

Hand Weapons
 a - a +0 long sword
 n - a +0 hunting sling
 o - a +1 hand axe of electrocution (weapon)
Missiles
 e - 79 stones (quivered)
 g - 16 poisoned darts
 h - 45 arrows
Armour
 b - a +0 scale mail (worn)
 c - a +0 shield (worn)
 p - a +0 pair of gloves (worn)
Jewellery
 i - a ring of wizardry (right hand)
 l - a +2 ring of strength (left hand)
 m - an amulet of regeneration (around neck)
Scrolls
 j - a scroll of remove curse
 k - 3 scrolls of identify
Comestibles
 f - 3 rations


   Skills:
 + Level 4.2 Fighting
 + Level 4.3 Long Blades
 + Level 4.4 Armour
 + Level 1.4 Dodging
 + Level 1.1 Stealth
 + Level 4.7 Shields


You had 4 spell levels left.
You didn't know any spells.
Your spell library was empty.

Dungeon Overview and Level Annotations

Branches:
Dungeon (3/15)

Altars:

Annotations:
D:3 Grinder


Innate Abilities, Weirdness & Mutations

You reflexively headbutt those who attack you in melee.
You have a pair of horns on your head.


Message History

Grinder hits you but does no damage. x2
You can move again.
As you read the scroll of fog, it crumbles to dust.
The scroll dissolves into smoke.
Grinder hits you but does no damage.
As you read the scroll labeled NAOCAPPIOSH, it crumbles to dust.
You feel blessed for a moment.
It was a scroll of remove curse.
Grinder hits you.
You writhe in agony.
You block Grinder's attack. Grinder gestures at you.
Pain shoots through your body!
You see here a hunting sling.
You sense that the amulet cannot attune itself to your injured body.
m - an amulet of regeneration (around neck) Grinder is nearby!
Grinder gestures at you. Pain shoots through your body!
* * * LOW HITPOINT WARNING * * *
Grinder gestures at you. Pain shoots through your body!
You die...

#................#...#
#...
.................#...# ...
#....................##.#
#####>.÷###............#
#..)# #.#..........# #...#
#.#..........# #...#
#.####....####### ##
#...###.####....#).....
#.##.5...@.........)....##
##
#.#..###.##########.##.#
#.###...###.####### #.# ..
#######.#.#.#..........#
#.# #
#§§§#§.......#.#.#####.#
#.# #§§§§....)..###..#
#..# #..
#§§§#§##.....#...# #.##
### ##§##.####.#..#### #.#
#§##.# #.#.## #.#


You could see Grinder.

Vanquished Creatures
  Jessica (D:2)
  A gnoll shaman (D:3)
  5 gnolls (D:3)
  2 adders
  3 worms (D:2)
  2 dart slugs (D:1)
  2 leopard geckos
  2 giant cockroaches
  4 goblins
  4 hobgoblins
  3 jackals (D:2)
  A quokka (D:3)
  9 bats
  7 frilled lizards
  11 kobolds
  6 rats
  3 plants (D:1)
66 creatures vanquished.

Notes
Turn   | Place    | Note
-------+----------+-------------------------------------------
     0 | D:1      | Mattoad the Minotaur Fighter began the quest for the Orb.
     0 | D:1      | Reached XP level 1. HP: 19/19 MP: 0/0
   181 | D:1      | Reached XP level 2. HP: 20/27 MP: 1/1
   775 | D:1      | Reached XP level 3. HP: 33/33 MP: 2/2
  1839 | D:2      | Noticed Jessica
  1860 | D:2      | Killed Jessica
  1860 | D:2      | Reached XP level 4. HP: 40/40 MP: 3/3
  2324 | D:3      | Reached skill level 1 in Dodging
  2324 | D:3      | Reached skill level 1 in Stealth
  2324 | D:3      | Reached XP level 5. HP: 32/46 MP: 4/4
  2593 | D:3      | Noticed Grinder
  2600 | D:3      | Paralysed by Grinder for 7 turns
  2627 | D:3      | Killed from afar by Grinder

Levels and vault maps discovered:
D:1:      tarquinn_simple_flora_water_a, layout_loops_ring, minmay_tromino_i4
D:2:      layout_loops_corners, uniq_jessica
D:3:      layout_loops_cross, uniq_grinder

Skill      XL: |  1  2  3  4 |
---------------+-------------+-----
Shields        | 4 |  4.7
Fighting       | 4 |  4.2
Long Blades    | 3 4 |  4.3
Armour         | 4 |  4.4
Dodging        | 1 |  1.4
Stealth        | 1 |  1.1

Action                   |  1- 3 |  4- 6 || total
-------------------------+-------+-------++-------
Melee: Long sword        |   183 |       ||   183
       Headbutt          |    44 |     8 ||    52
       Hand axe          |       |    47 ||    47
Throw: Stone             |     1 |       ||     1
  Use: Potion            |     6 |       ||     6
       Scroll            |     4 |     2 ||     6
  Eat: Ration            |     1 |       ||     1
       Chunk             |       |     2 ||     2
Armor: Scale mail        |    56 |    22 ||    78
Dodge: Dodged            |    44 |    25 ||    69
Block: Shield            |    73 |    36 ||   109
       Rpst.: Long sword |     5 |       ||     5

Table legend:
 A = Non-vault XP
 B = Vault XP
 C = Vault XP percentage of total XP
 D = Non-vault monster count
 E = Vault monster count
 F = Vault count percentage of total count
                 A         B        C        D         E       F
            +---------+---------+-------+---------+---------+-------
      Total |     233 |      40 |  14.7 |      60 |       3 |   4.8
            +---------+---------+-------+---------+---------+-------
        D:1 |      44 |       3 |   6.4 |      27 |       2 |   6.9
        D:2 |      49 |      37 |  43.0 |      16 |       1 |   5.9
        D:3 |     140 |       0 |   0.0 |      17 |       0 |   0.0
            +---------+---------+-------+---------+---------+-------
